 Dungeon Crawl Stone Soup version 0.29.0-4-gdea44cf6ec (webtiles) character file.

Game seed: 3612877747486238742

49 qw the Chopper (level 3, -1/21 HPs)
             Began as a Tengu Warper on Aug 29, 2022.
             Slain by a worm (4 damage)
             ... on level 2 of the Dungeon.
             The game lasted 00:00:09 (1756 turns).

qw the Chopper (Tengu Warper)                       Turns: 1756, Time: 00:00:09

Health: -1/21      AC:  5    Str: 13    XL:     3   Next: 77%
Magic:  7/7        EV: 11    Int: 13    God:
Gold:   94         SH:  0    Dex: 13    Spells: 6/6 levels left

rFire   . . .      SeeInvis .   b - +0 war axe
rCold   . . .      Faith    .   (no shield)
rNeg    . . .      Spirit   .   f - +0 ring mail
rPois   .          Reflect  .   (helmet restricted)
rElec   .          Harm     .   (no cloak)
rCorr   .          Rampage  .   (no gloves)
Will    .....                   (boots unavailable)
Stlth   +.........              (no amulet)
HPRegen 0.07/turn               (no ring)
MPRegen 0.10/turn               (no ring)

@: no status effects
A: beak, talons 3
a: no special abilities


You were on level 2 of the Dungeon.
You visited 1 branch of the dungeon, and saw 2 of its levels.

You collected 94 gold pieces.


Innate Abilities, Weirdness & Mutations

You have a beak for a mouth.
You have claws for feet.


   Skills:
 - Level 2.0 Fighting
 + Level 4.4 Axes
 - Level 1.0 Throwing
 - Level 1.1 Armour
 - Level 2.1 Dodging
 - Level 2.0 Spellcasting
 - Level 2.4 Translocations


You had 6 spell levels left.
You didn't know any spells.
Your spell library contained the following spells:

 Spells                   Type           Power      Damage    Failure   Level
 Blink                    Tloc           14%        N/A       30%         2
 Gell's Gravitas          Tloc           7%         N/A       52%         3
 Lesser Beckoning         Tloc           7%         N/A       52%         3
 Teleport Other           Tloc           7%         N/A       52%         3
 Manifold Assault         Tloc           7%         N/A       99%         5

Inventory:

Hand Weapons
 b - a +0 war axe (weapon)
 h - a +0 flail
Armour
 f - a +0 ring mail (worn)
Jewellery
 a - a +6 ring of intelligence
Scrolls
 c - a scroll of fear {unknown}
 g - 2 scrolls of identify
Potions
 d - a potion of cancellation {unknown}
 e - a potion of brilliance {unknown}
 j - a potion of degeneration {unknown}
 k - a potion of mutation {unknown}

Dungeon Overview and Level Annotations

Branches:
Dungeon (2/15)

Altars:


Message History

Press < or > to pray at altars.
Press < or > to pray at altars.
Press < or > to pray at altars.
Press < or > to pray at altars.
Press < or > to pray at altars.
Press < or > to pray at altars.
e - a black potion
Enter note:
Enter note:
Found 6 stones.
Found a stone staircase leading down.
g - a scroll of identify A rat comes into view.
You barely miss the rat. You claw the rat, but do no damage.
The rat barely misses you. The rat bites you but does no damage.
You hit the rat.
You kill the rat!
g - 2 scrolls of identify (gained 1)
Found an escape hatch in the ceiling.
Enter note: You now have 90 gold pieces (gained 6).
You now have 94 gold pieces (gained 4).
An endoplasm comes into view.
The endoplasm quivers.
The endoplasm jiggles.
You barely miss the endoplasm. You claw the endoplasm. You peck the endoplasm.
You kill the endoplasm!
A worm comes into view.
You see here 8 gold pieces.
You barely miss the worm. You peck the worm.
The worm is lightly wounded.
You barely miss the worm.
The worm is lightly wounded.
The worm bites you!
You hit the worm.
The worm is moderately wounded.
The worm bites you!
You hit the worm but do no damage.
The worm is moderately wounded.
The worm bites you.
You die...

#.# #.# ..#.# #.#
#.#.# #####.# #.#.#
......#########.#.#
........>.......#.#
.....###.#.###..#.#
.......#.#.###..w.#
...#.#..........@#
...#.......###.#....#
...<.......# #.######
##.#......## #.#
...#......# #.#
####.###.## #..
####.###.# ###
##.....#.# .......#.#
###########


You could see a worm.

Vanquished Creatures
  An adder (D:2)
  A worm (D:2)
  2 ball pythons (D:1)
  6 endoplasms
  3 giant cockroaches (D:1)
  3 hobgoblins (D:1)
  3 kobolds (D:1)
  3 quokkas (D:1)
  7 bats
  A frilled lizard (D:1)
  3 rats
33 creatures vanquished.

Notes
Turn   | Place    | Note
-------+----------+-------------------------------------------
     0 | D:1      | qw the Tengu Warper began the quest for the Orb.
     0 | D:1      | Reached XP level 1. HP: 12/12 MP: 4/4
     0 | D:1      | 0 ||| qw: Version: 0.1-a-89-g26bdef1
     0 | D:1      | 0 ||| qw: Game counter: 3494
     0 | D:1      | 0 ||| qw: Always use a shield: true
     0 | D:1      | 0 ||| qw: God list: Okawaru
     0 | D:1      | 0 ||| qw: Allow faded altars: false
     0 | D:1      | 0 ||| qw: Do Orc after D:15 true
     0 | D:1      | 0 ||| qw: Do second Lair branch before Depths: true
     0 | D:1      | 0 ||| qw: Lair rune preference: random
     0 | D:1      | 0 ||| qw: Plans: Normal
     0 | D:1      | 0 ||| PLANNING D:1-11
   137 | D:1      | Reached skill level 3 in Axes
   137 | D:1      | Reached XP level 2. HP: 17/17 MP: 6/6
   206 | D:1      | 206 ||| DROPPING +0 whip.
   752 | D:1      | 752 ||| Stepping ~*~*~tactically~*~*~ (stealth).
   754 | D:1      | 754 ||| Stepping ~*~*~tactically~*~*~ (stealth).
   778 | D:1      | Reached XP level 3. HP: 13/21 MP: 7/7
  1070 | D:1      | 1070 ||| UPGRADING to +0 ring mail.
  1080 | D:1      | 1080 ||| DROPPING +0 leather armour.
  1081 | D:1      | 1081 ||| DROPPING +2 leather armour of positive energy.
  1082 | D:1      | 1082 ||| READING scroll labelled SENYTANERU.
  1083 | D:1      | 1083 ||| READING scroll labelled CYTIYWOURGH.
  1084 | D:1      | 1084 ||| READING scroll labelled LADOSS NAULIHE.
  1085 | D:1      | 1085 ||| DROPPING scroll of blinking.
  1149 | D:2      | Reached skill level 4 in Axes
  1581 | D:2      | Found a faded altar of an unknown god.
  1582 | D:2      | 1582 ||| SWAPPING to +0 war axe.
  1583 | D:2      | 1583 ||| DROPPING +0 hand axe.
  1755 | D:2      | HP: 3/21 [worm (10)]
  1756 | D:2      | Slain by a worm

Levels and vault maps discovered:
D:1:      dpeg_arrival_arbitrary_a, layout_loops_ring
D:2:      layout_basic, shapermc_ecumenical_altar_rom_forum

Skill      XL: |  1  2  3 |
---------------+----------+-----
Axes           | 3 4 |  4.4
Fighting       | |  2.0
Throwing       | |  1.0
Armour         | |  1.1
Dodging        | |  2.1
Spellcasting   | |  2.0
Translocations | |  2.4

Action                   || total
-------------------------++-------
Melee: Hand axe          ||    74
       Kick              ||    20
       Peck              ||    13
       Punch             ||     1
       War axe           ||     7
Throw: Boomerang         ||     7
  Use: Scroll            ||     3
Armor: Leather armour    ||    11
       Ring mail         ||    11
Dodge: Dodged            ||    50

Table legend:
 A = Non-vault XP
 B = Vault XP
 C = Vault XP percentage of total XP
 D = Non-vault monster count
 E = Vault monster count
 F = Vault count percentage of total count
                 A         B        C        D         E       F
            +---------+---------+-------+---------+---------+-------
      Total |      71 |       0 |   0.0 |      33 |       0 |   0.0
            +---------+---------+-------+---------+---------+-------
        D:1 |      43 |       0 |   0.0 |      25 |       0 |   0.0
        D:2 |      28 |       0 |   0.0 |       8 |       0 |   0.0
            +---------+---------+-------+---------+---------+-------
